 Dungeon Crawl Stone Soup version 0.30-a0-365-ge7f957f1db (webtiles) character file.

Game seed: 523982795681705926

35 Manisia the Vexing (level 3, 19/26 HPs)
             Began as a Formicid Hexslinger on Nov 17, 2022.
             Quit the game on level 2 of the Dungeon.
             The game lasted 00:02:59 (708 turns).

Manisia the Vexing (Formicid Hexslinger)             Turns: 708, Time: 00:03:00

Health: 19/26      AC:  3    Str: 14    XL:     3   Next: 55%
Magic:  4/4        EV: 12    Int: 14    God:
Gold:   27         SH:  0    Dex: 14    Spells: 3/4 levels left

rFire   . . .      SeeInvis +    a - +1 sling
rCold   . . .      Faith    .    (no shield)
rNeg    . . .      Spirit   .    c - +0 robe
rPois   .          Reflect  .    (helmet unavailable)
rElec   .          Harm     .    (no cloak)
rCorr   .          Rampage  +    (no gloves)
Will    .....                    h - +0 pair of boots {rampage}
Stlth   +.........               (no amulet)
HPRegen 0.24/turn                (no ring)
MPRegen 0.09/turn                (no ring)

@: no status effects
A: permanent stasis, dig shafts and tunnels, antennae 3, four strong arms
a: Dig, Shaft Self


You were on level 2 of the Dungeon.
You visited 1 branch of the dungeon, and saw 2 of its levels.

You collected 27 gold pieces.

Inventory:

Hand Weapons
 a - a +1 sling (weapon)
Missiles
 g - 3 boomerangs
Armour
 c - a +0 robe (worn)
 h - a +0 pair of boots of rampaging (worn)
Scrolls
 b - a scroll of poison
 d - a scroll of torment {unknown}
 e - 5 scrolls of identify {unknown}
 f - a scroll of magic mapping {unknown}
Potions
 i - a potion of heal wounds {unknown}
 j - 2 potions of lignification {unknown}


   Skills:
 + Level 1.4 Fighting
 + Level 3.1 Ranged Weapons
 + Level 1.8 Dodging
 + Level 0.1 Stealth
 + Level 1.1 Spellcasting
 + Level 4.1 Hexes


You had 3 spell levels left.
You knew the following spells:

 Your Spells              Type           Power      Damage    Failure   Level
a - Slow                  Hex            48%        N/A       4%          1

Your spell library contained the following spells:

 Spells                   Type           Power      Damage    Failure   Level
 Inner Flame              Hex/Fire       6%         N/A       32%         3
 Portal Projectile        Hex/Tloc       12%        N/A       32%         3
 Cause Fear               Hex            6%         N/A       43%         4


Dungeon Overview and Level Annotations

Branches:
Dungeon (2/15)

Altars:


Innate Abilities, Weirdness & Mutations

You cannot be hasted, slowed, berserked, paralysed or teleported.
You can dig through walls and to a lower floor.
You have a pair of large antennae on your head. (SInv)
Your four strong arms can wield two-handed weapons with a shield.


Message History

The frilled lizard misses you. The frilled lizard barely misses you.
You shoot a sling bullet.
The sling bullet barely misses the frilled lizard.
The frilled lizard closely misses you.
You shoot a sling bullet.
The sling bullet barely misses the frilled lizard.
The frilled lizard barely misses you.
You shoot a sling bullet.
The sling bullet closely misses the frilled lizard.
The frilled lizard closely misses you.
You shoot a sling bullet.
The sling bullet barely misses the frilled lizard.
The frilled lizard bites you but does no damage.
The frilled lizard bites you.
You shoot a sling bullet.
The sling bullet misses the frilled lizard.
The frilled lizard misses you.
You shoot a sling bullet.
The sling bullet closely misses the frilled lizard.
The frilled lizard bites you but does no damage.
You shoot a sling bullet.
The sling bullet hits the frilled lizard.
The frilled lizard is heavily wounded.
The frilled lizard bites you but does no damage.
You shoot a sling bullet.
The sling bullet closely misses the frilled lizard.
The frilled lizard bites you but does no damage.
You shoot a sling bullet.
The sling bullet barely misses the frilled lizard.
The frilled lizard bites you but does no damage. x2
You shoot a sling bullet.
The sling bullet closely misses the frilled lizard.
The frilled lizard barely misses you.
You shoot a sling bullet.
The sling bullet hits the frilled lizard.
You kill the frilled lizard!
No target in view!
No target in view!
No target in view!
Are you sure you want to abandon this character and quit the game? (Confirm with "yes".)

## ... #.. ##...
########
......######......#
#.....<.†@......#
##..##########..#
#. #.)# # #..# #|.#
#..# #..# #..#
#.#####..####


There were no monsters in sight!

Vanquished Creatures
  An adder (D:2)
  A dart slug (D:1)
  3 ball pythons (D:1)
  2 bats (D:2)
  4 endoplasms (D:1)
  A giant cockroach (D:1)
  3 goblins
  2 hobgoblins (D:1)
  3 frilled lizards
  2 kobolds (D:1)
  A rat (D:1)
23 creatures vanquished.

Notes
Turn   | Place    | Note
-------+----------+-------------------------------------------
     0 | D:1      | Manisia the Formicid Hexslinger began the quest for the
                  | Orb.
     0 | D:1      | Reached XP level 1. HP: 15/15 MP: 2/2
    37 | D:1      | Reached XP level 2. HP: 19/21 MP: 3/3
    97 | D:1      | Reached skill level 4 in Hexes
   201 | D:1      | Found a faded altar of an unknown god.
   421 | D:1      | Reached XP level 3. HP: 26/26 MP: 4/4
   708 | D:2      | Quit the game

Illustrated notes

Levels and vault maps discovered:
D:1:      spicycebolla_arrival_xxxplode, layout_rooms,
          ebering_ecumenical_altar_sacrificial
D:2:      minmay_chambers_of_twos, layout_loops_ring, minmay_cut_off

Skill      XL: |  1  2  3 |
---------------+----------+-----
Hexes          | 4 |  4.1
Ranged Weapons | 3 |  3.1
Fighting       | |  1.4
Dodging        | |  1.8
Stealth        | |  0.1
Spellcasting   | |  1.1

Action                   || total
-------------------------++-------
 Fire: Sling             ||    84
Armor: Robe              ||    16
Dodge: Dodged            ||    37

Table legend: (Time is in decaauts)
 A = Elapsed time spent in this place.
 B = Non-inter-level travel time spent in this place.
 C = Inter-level travel time spent in this place.
 D = Time resting spent in this place.
 E = Time spent auto-exploring this place.
 F = Levels seen in this place.
 G = Mean time per level.
                   A        B        C        D        E       F      G
               +--------+--------+--------+--------+--------+-----+--------+
         Total |    732 |    698 |     34 |      0 |    524 |   2 |  366.0 |
       Dungeon |    732 |    698 |     34 |      0 |    524 |   2 |  366.0 |
               +--------+--------+--------+--------+--------+-----+--------+

Top non-repeatable levels by time:
     D:1: 544 daAuts
     D:2: 188 daAuts
